 Dungeon Crawl Stone Soup version 0.26-a0-778-g3fe0686644 (webtiles) character file.

Game seed: 13911677984003085423

14104 selver the Geomancer (level 11, -1/100 HPs)
             Began as a Deep Dwarf Earth Elementalist on Nov 9, 2020.
             Was a Follower of Makhleb.
             Killed from afar by a rime drake (18 damage)
             ... with a flash freeze
             ... on level 2 of the Lair of Beasts.
             The game lasted 01:27:33 (18210 turns).

selver the Geomancer (DDEE)                        Turns: 18210, Time: 01:27:34

Health: -1/100     AC:  8    Str: 12    XL:     11   Next: 84%
Magic:  1/15       EV: 11    Int: 19    God:    Makhleb [*.....]
Gold:   597        SH:  0    Dex: 13    Spells: 9/24 levels left

rFire    . . .     SeeInvis .   q - staff of conjuration
rCold    . . .     Faith    .   (no shield)
rNeg     . . .     Spirit   .   p - +0 scale mail {rPois}
rPois    +         Reflect  .   (no helmet)
rElec    .         Harm     +   i - scarf {harm}
rCorr    .         Rampage  .   (no gloves)
MR       +....                  j - +0 pair of boots
Stlth    +.........             d - amulet of the acrobat
HPRegen  0.00/turn              (no ring)
MPRegen  0.14/turn              (no ring)

@: non-regenerating
A: damage resistance, heal wounds, sense surroundings 2, no regeneration
a: Heal Wounds, Renounce Religion


You were on level 2 of the Lair of Beasts.
You worshipped Makhleb.
Makhleb was aware of your devotion.
You visited 3 branches of the dungeon, and saw 12 of its levels.

You collected 597 gold pieces.

Inventory:

Hand Weapons
 b - a +1 rapier of venom {don't train}
 o - a +0 quarterstaff
Missiles
 f - 18 stones (quivered) {don't train}
Armour
 a - a +0 leather armour
 i - a scarf of harm (worn)
 j - a +0 pair of boots (worn)
 p - a +0 scale mail of poison resistance (worn)
 r - a +2 cloak
 w - a +0 robe of positive energy
Magical Staves
 q - an uncursed staff of conjuration (weapon)
 x - an uncursed staff of cold
Jewellery
 d - an amulet of the acrobat (around neck)
Wands
 h - a wand of digging (12)
 u - a wand of flame (14)
Scrolls
 c - 6 scrolls of teleportation
 e - 5 scrolls of remove curse
 g - a scroll of enchant armour
 l - a scroll of amnesia
 t - a scroll of identify
Potions
 m - 3 potions of flight
 n - 3 potions of resistance
 s - a potion of attraction


   Skills:
 - Level 7.4 Fighting
 - Level 5.4 Staves
 - Level 3.9 Armour
 + Level 4.9 Dodging
 - Level 2.4 Stealth
 - Level 7.4 Spellcasting
 - Level 2.9 Conjurations
 - Level 4.7 Transmutations
 - Level 13.5 Earth Magic
 * Level 1.5 Invocations
 + Level 5.2 Evocations


You had 9 spell levels left.
You knew the following spells:

 Your Spells              Type           Power        Failure   Level
a - Sandblast             Erth           ######       1%          1
b - Passwall              Tmut/Erth      #####...     1%          2
c - Stone Arrow           Conj/Erth      ######       4%          3
d - Lee's Rapid Deconstr  Erth           ######....   4%          5
e - Petrify               Tmut/Erth      #####...     11%         4

Your spell library contained the following spells:

 Spells                   Type           Power        Failure   Level
 Corona                   Hex            #......      43%         1
 Freeze                   Ice            #...         43%         1
 Ensorcelled Hibernation  Hex/Ice        #.....       56%         2
 Dazzling Flash           Conj/Hex       ###...       58%         3
 Confusing Touch          Hex            #.......     80%         3
 Frozen Ramparts          Ice            #.....       80%         3
 Ozocubu's Armour         Ice            #.......     80%         3
 Tukima's Dance           Hex            #.......     80%         3
 Hailstorm                Conj/Ice       ###.....     94%         4
 Cause Fear               Hex            #.........   99%         4
 Summon Ice Beast         Ice/Summ       #.......     99%         4
 Yara's Violent Unravell  Hex/Tmut       ###.......   99%         5
 Silence                  Hex/Air        #.........   100%        5
 Discord                  Hex            #.........   100%        8


Dungeon Overview and Level Annotations

Branches:
Dungeon (9/15)             Temple (1/1) D:7            Lair (2/6) D:9
    Orc (0/2) D:9
  Swamp: Lair:2-4    Shoals: Lair:2-4     Snake: Lair:2-4    Spider: Lair:2-4

Altars:
Ashenzari
Cheibriados
Elyvilon
Fedhas
Gozag
Makhleb
Nemelex Xobeh
Ru
Vehumet
Wu Jian
Xom
Yredelemnul
Zin

Annotations:
D:5 2 transporters, Demosthentine's ghost, novice KoHu
Lair:1 exclusion: 2 oklob plants


Innate Abilities, Weirdness & Mutations

You are resistant to damage.
You can heal yourself by infusing magical energy.
You passively map the area around you.
You do not regenerate.


Message History

You don't have enough magic to cast that spell.
The rime drake breathes ice at you. The flash freeze hits you!!
* * * LOW HITPOINT WARNING * * *
You are encased in ice.
The ice encasing you melts away. The rime drake breathes ice at you.
The flash freeze misses you.
Your magical contamination has completely faded away.
Casting: Lee's Rapid Deconstruction (dangerous; 4% risk of failure)
Confirm with . or Enter, or press ? or * to list all spells.
Aiming: Lee's Rapid Deconstruction (dangerous; 4% risk of failure)
Press: ? - help, Dir - move target cursor A rock wall.
The wall shatters!
The blast of rock fragments hits the rime drake!!
The rime drake is almost dead.
The rime drake breathes ice at you. The flash freeze hits you!!
You die...

##..## #......†......#* #....###
##.............# .......#
#.............## .......#
#.............P# .^.....#
#....k.........# .......#
##............## .......### ###
#.............#
....#.P#.###.#######.PP.##....##
........<.##.#P#@..k..#.#*.....#
..................÷....###....##
....#............#.....#......#
...P##....###.†#####.........##
#.........###..#.#.#...####..#
.................).......#P..#
......[..................#...#
................<.........#..#
.............................#


You could see a rime drake (catching breath).

Vanquished Creatures
  2 hydras
  2 two-headed ogres
  An unseen horror (D:8)
  2 black mambas (Lair:1)
  A rime drake (Lair:1)
  3 cane toads
  5 komodo dragons
  8 blink frogs
  2 wyverns
  7 yaks
  Eustachio (D:5)
  2 basilisks (D:9)
  Menkaure (D:4)
  5 water moccasins
  A soldier ant (D:9)
  Duvessa (D:5)
  3 orc warriors
  2 sky beasts
  2 phantoms
  An ice beast (D:5)
  A black bear (D:9)
  6 centaurs
  4 wolves (Lair:2)
  4 ogres
  2 big kobolds
  5 bullfrogs
  A wyvern zombie (D:6)
  Dowan (D:5)
  A water moccasin zombie (D:8)
  2 scorpions
  3 howler monkeys (D:8)
  A quasit (D:6)
  5 orc priests
  5 hounds
  2 bullfrog skeletons
  2 centaur skeletons (D:5)
  3 jellies
  3 orc wizards
  Ijyb (D:3)
  Natasha (thrice) (D:3)
  5 worker ants
  A worker ant zombie (D:8)
  Robin (D:3)
  12 adders
  A shadow imp (D:6)
  An ufetubus (D:8)
  3 oozes
  An adder zombie (D:5)
  An adder skeleton (D:6)
  5 worms
  A dart slug (D:5)
  4 leopard geckos
  38 orcs
  2 ball pythons
  12 bats
  7 giant cockroaches
  24 goblins
  8 hobgoblins
  3 jackals (D:7)
  13 kobolds
  6 quokkas
  7 frilled lizards
  A leopard gecko zombie (D:8)
  A quokka zombie (D:8)
  11 rats
276 creatures vanquished.

Vanquished Creatures (others)
  A hobgoblin (D:2)
  7 fungi
  25 plants
33 creatures vanquished.

Grand Total: 309 creatures vanquished

Notes
Turn   | Place    | Note
-------+----------+-------------------------------------------
     0 | D:1      | selver the Deep Dwarf Earth Elementalist began the quest
                  | for the Orb.
     0 | D:1      | Reached XP level 1. HP: 15/15 MP: 3/3
     2 | D:1      | Noticed a draconian
     4 | D:1      | Noticed a tengu
     4 | D:1      | Noticed a merfolk
     6 | D:1      | Noticed an elf
     6 | D:1      | Noticed a spriggan
     8 | D:1      | Noticed an ogre
    10 | D:1      | Noticed a centaur
    10 | D:1      | Noticed a minotaur
    12 | D:1      | Noticed a dwarf
    12 | D:1      | Noticed a ghoul
    14 | D:1      | Noticed a halfling
    14 | D:1      | Noticed a demigod
    16 | D:1      | Noticed a vampire
    16 | D:1      | Noticed a human
    18 | D:1      | Noticed a naga
    20 | D:1      | Noticed a gargoyle
    20 | D:1      | Noticed an octopode
    22 | D:1      | Noticed a troll
    22 | D:1      | Noticed a demonspawn
    24 | D:1      | Noticed a vine stalker
    26 | D:1      | Noticed a formicid
    26 | D:1      | Noticed a felid
   637 | D:1      | Reached XP level 2. HP: 16/22 MP: 3/5
   826 | D:1      | Reached skill level 5 in Earth Magic
   964 | D:1      | Reached XP level 3. HP: 20/28 MP: 3/6
   979 | D:1      | Learned a level 2 spell: Passwall
  1090 | D:1      | Learned a level 3 spell: Stone Arrow
  1210 | D:2      | Found a radiant altar of Vehumet.
  1367 | D:2      | Found a white marble altar of Elyvilon.
  1724 | D:2      | Reached XP level 4. HP: 35/36 MP: 5/7
  1949 | D:2      | Reached skill level 1 in Conjurations
  1949 | D:2      | Reached skill level 6 in Earth Magic
  2066 | D:2      | Found a faded altar of an unknown god.
  2588 | D:3      | Reached XP level 5. HP: 22/42 MP: 7/7
  3070 | D:3      | Noticed Robin
  3082 | D:3      | Noticed Natasha
  3083 | D:3      | Killed Robin
  3091 | D:3      | Killed Natasha
  3281 | D:3      | Noticed Ijyb
  3286 | D:3      | Killed Ijyb
  3477 | D:3      | Noticed Natasha
  3482 | D:3      | Killed Natasha
  3513 | D:3      | Reached XP level 6. HP: 33/49 MP: 6/8
  3622 | D:3      | Noticed Natasha
  3627 | D:3      | Killed Natasha
  3627 | D:3      | Reached skill level 7 in Earth Magic
  3749 | D:4      | Reached skill level 1 in Transmutations
  4166 | D:4      | Reached skill level 8 in Earth Magic
  4168 | D:4      | Reached XP level 7. HP: 30/55 MP: 1/10
  4625 | D:4      | Learned a level 5 spell: Lee's Rapid Deconstruction
  5363 | D:4      | Noticed Menkaure
  5379 | D:4      | Killed Menkaure
  5379 | D:4      | Reached skill level 9 in Earth Magic
  5623 | D:5      | Entered Level 5 of the Dungeon
  6083 | D:5      | Reached skill level 10 in Earth Magic
  6083 | D:5      | Reached XP level 8. HP: 37/62 MP: 2/11
  6481 | D:5      | Learned a level 4 spell: Petrify
  6564 | D:5      | Found a transporter.
  6570 | D:5      | Reached skill level 11 in Earth Magic
  6648 | D:5      | Noticed Demosthentine's ghost (novice KoHu)
  6677 | D:5      | Found a transporter.
  6765 | D:5      | Noticed Eustachio
  6916 | D:5      | Reached skill level 5 in Spellcasting
  7075 | D:5      | Killed Eustachio
  7450 | D:5      | Noticed Dowan
  7451 | D:5      | Noticed Duvessa
  7462 | D:5      | Killed Duvessa
  7466 | D:5      | Killed Dowan
  7951 | D:6      | Gained mutation: You passively map the area around you.
                  | [Deep Dwarf growth]
  7951 | D:6      | Reached XP level 9. HP: 53/68 MP: 5/12
  8961 | D:6      | Reached skill level 12 in Earth Magic
  9475 | D:7      | Reached skill level 1 in Fighting
  9475 | D:7      | Reached skill level 1 in Staves
 10324 | D:7      | Found a staircase to the Ecumenical Temple.
 10343 | Temple   | Entered the Ecumenical Temple
 10376 | Temple   | Became a worshipper of Makhleb the Destroyer
 11227 | D:8      | Killed an unseen horror
 11862 | D:8      | Found a snail-covered altar of Cheibriados.
 12190 | D:8      | Reached XP level 10. HP: 64/85 MP: 10/13
 12677 | D:8      | Noticed a two-headed ogre
 12694 | D:8      | Killed a two-headed ogre
 12956 | D:9      | Reached * piety under Makhleb
 13147 | D:9      | Noticed a two-headed ogre
 13247 | D:9      | Killed a two-headed ogre
 13247 | D:9      | Reached skill level 5 in Fighting
 13464 | D:9      | Reached skill level 1 in Evocations
 14194 | D:9      | Found a staircase to the Orcish Mines.
 14473 | D:9      | Found a staircase to the Lair.
 15268 | Lair:1   | Entered Level 1 of the Lair of Beasts
 15271 | Lair:1   | Noticed a cane toad
 15276 | Lair:1   | Killed a cane toad
 15432 | Lair:1   | Reached XP level 11. HP: 43/99 MP: 4/15
 15641 | Lair:1   | Noticed an oklob plant
 16058 | Lair:1   | Reached skill level 5 in Staves
 16346 | Lair:1   | Noticed a four-headed hydra
 16848 | Lair:1   | Killed a four-headed hydra
 16848 | Lair:1   | Reached skill level 5 in Evocations
 17183 | Lair:1   | Noticed an oklob plant
 17273 | Lair:2   | Noticed a death yak
 17274 | Lair:2   | Noticed a death yak
 17298 | Lair:1   | Reached skill level 1 in Armour
 17447 | Lair:2   | HP: 1/100 [komodo dragon (18)]
 17452 | Lair:2   | HP: 3/100 [komodo dragon (28)]
 17738 | Lair:2   | Reached skill level 13 in Earth Magic
 17791 | Lair:2   | Noticed an eight-headed hydra
 17807 | Lair:2   | Killed an eight-headed hydra
 18177 | Lair:2   | Reached skill level 1 in Invocations
 18210 | Lair:2   | Killed from afar by a rime drake

Illustrated notes

Levels and vault maps discovered:
D:1:      kb_arrival_jail, layout_rooms, minmay_tripent
D:2:      layout_loops_ring, overflow_temple_1_default,
          chequers_ecumenical_altar_lobes, elyvilon_altar_4
D:3:      layout_loops_cross, uniq_robin, uniq_natasha, uniq_ijyb
D:4:      layout_loops_ring, grunt_ministairs_11, uniq_menkaure
D:5:      layout_basic, gammafunk_ghost_stat_death, uniq_duvessa, uniq_eustachio
D:6:      layout_gridville
D:7:      layout_basic, minmay_temple_entry_large_hall
D:8:      layout_basic, cheibriados_altar_1
D:9:      layout_loops_corners, minmay_lair_entry_grove, orc_0_dummy
Temple:   compressed_dpeg_circular_temple
Lair:1:   layout_cave_pods, grunt_megastairs_1, minmay_lair_oklob_chamber
Lair:2:   gammafunk_cloud_chamber, layout_gridlike, elwin_shoals_entry_rocks,
          beast_lair_carwin_10

Skill      XL: |  1  2  3  4  5  6  7  8  9 10 11 |
---------------+----------------------------------+-----
Spellcasting   | 2 3 4 5 6 7 |  7.4
Earth Magic    | 5 6 8 10 11 12 13 | 13.5
Conjurations   | 1 2 |  2.9
Transmutations | 1 3 4 |  4.7
Fighting       | 3 6 7 |  7.4
Staves         | 3 4 5 |  5.4
Dodging        | 4 |  4.9
Evocations     | 3 5 |  5.2
Armour         | 3 |  3.9
Invocations    | 1 |  1.5
Stealth        | |  2.4

Action                   |  1- 3 |  4- 6 |  7- 9 | 10-12 || total
-------------------------+-------+-------+-------+-------++-------
Melee: Unarmed           |    12 |       |       |       ||    12
       Club              |    12 |       |       |       ||    12
       Dagger            |     2 |   147 |   118 |       ||   267
       Rapier            |       |       |    52 |    11 ||    63
       Quarterstaff      |       |       |     1 |       ||     1
       Staff             |       |       |       |    18 ||    18
 Cast: Sandblast         |    47 |    65 |    42 |   101 ||   255
       Stone Arrow       |       |    12 |    92 |    13 ||   117
       Lee's Rapid Decon |       |       |    21 |    42 ||    63
       Passwall          |       |       |     2 |       ||     2
       Petrify           |       |       |     1 |     1 ||     2
 Abil: Heal Wounds       |     1 |     3 |     7 |    11 ||    22
  Use: Scroll            |     1 |     3 |     6 |     9 ||    19
       Potion            |       |     2 |     7 |     7 ||    16
 Stab: Sleeping          |       |     4 |     2 |     1 ||     7
Armor: Robe              |    12 |       |       |       ||    12
       Leather armour    |       |    42 |    36 |    11 ||    89
       Skin              |       |       |    51 |       ||    51
       Scale mail        |       |       |       |     8 ||     8
Dodge: Dodged            |    28 |   111 |   163 |    69 ||   371

Table legend: (Time is in decaauts)
 A = Elapsed time spent in this place.
 B = Non-inter-level travel time spent in this place.
 C = Inter-level travel time spent in this place.
 D = Time resting spent in this place.
 E = Time spent auto-exploring this place.
 F = Levels seen in this place.
 G = Mean time per level.
                   A        B        C        D        E       F      G
               +--------+--------+--------+--------+--------+-----+--------+
         Total |  18213 |  17966 |    247 |   7681 |   6632 |  12 | 1517.8 |
       Dungeon |  15220 |  15031 |    189 |   6252 |   5945 |   9 | 1691.1 |
        Temple |     45 |     33 |     12 |      0 |     25 |   1 |   45.0 |
          Lair |   2947 |   2902 |     45 |   1429 |    662 |   2 | 1473.5 |
               +--------+--------+--------+--------+--------+-----+--------+

Top non-repeatable levels by time:
  Lair:1: 2396 daAuts
     D:5: 2156 daAuts
     D:9: 2127 daAuts
     D:8: 1906 daAuts
     D:7: 1775 daAuts
     D:4: 1684 daAuts
     D:6: 1627 daAuts
     D:3: 1527 daAuts
     D:1: 1212 daAuts
     D:2: 1202 daAuts
  Lair:2: 551 daAuts
  Temple: 45 daAuts
